 Dungeon Crawl Stone Soup version 0.30.0-29-ga12c61a403 (webtiles) character file.

Game seed: 17387417951966909127

543 Ijustatesigmund the Stinger (level 7, 0/46 HPs)
             Began as an Octopode Venom Mage on June 15, 2023.
             Slain by a gnoll
             ... wielding a +0 club
              (4 damage)
             ... on level 5 of the Dungeon.
             The game lasted 00:11:40 (5225 turns).

Ijustatesigmund the Stinger (Octopode Venom Mage)   Turns: 5225, Time: 00:11:41

Health: 0/46       AC:  1    Str:  8    XL:     7   Next: 27%
Magic:  19/20      EV: 13    Int: 19    God:
Gold:   22         SH:  0    Dex: 12    Spells: 2/12 levels left

rFire   + . .        r - +2 hand axe (flame)
rCold   . . .        (no shield)
rNeg    . . .        (helmet restricted)
rPois   .            j - amulet of magic regeneration
rElec   .            d - ring of fire
rCorr   .            e - ring of ice
SInv    .            q - ring of magical power
Will    .....        t - ring of protection from fire
Stlth   +++          (no ring)
HPRegen 0.27/turn    (no ring)
MPRegen 0.57/turn    (no ring)
                     (no ring)

%: no passive effects
@: no status effects
A: almost no armour, amphibious, 8 rings, camouflage 1, gelatinous body 1,
(nimble swimmer 1), tentacles
a: no special abilities


You were on level 5 of the Dungeon.
You visited 1 branch of the dungeon, and saw 5 of its levels.

You collected 242 gold pieces.
You spent 220 gold pieces at shops.

Inventory:

Hand Weapons
 b - a +2 dagger of holy wrath
 c - a +0 trident
 r - a +2 hand axe of flaming (weapon)
Armour
 p - a +1 kite shield of fire resistance
Jewellery
 d - a ring of fire (left tentacle)
 e - a ring of ice (right tentacle)
 j - an amulet of magic regeneration (around mantle)
 q - a ring of magical power (on tentacle)
 t - a ring of protection from fire (on tentacle)
Wands
 g - a wand of acid (8)
Scrolls
 f - a scroll of fear
 l - a scroll of teleportation
 n - a scroll of fog
Potions
 a - a potion of magic
 h - a potion of berserk rage
 i - a potion of curing
 k - 2 potions of flight
 m - a potion of attraction
 o - a potion of cancellation


   Skills:
 - Level 3.2 Fighting
 - Level 2.4 Polearms
 - Level 2.0 Dodging
 - Level 2.6 Stealth
 + Level 3.1 Spellcasting
 + Level 1.9 Conjurations
 - Level 1.0 Transmutations
 + Level 2.2 Air Magic
 + Level 5.0 Poison Magic
 - Level 2.7 Evocations


You had 2 spell levels left.
You knew the following spells:

 Your Spells              Type           Power      Damage    Failure   Level
a - Sting                 Tmut/Pois      56%        1d5       4%          1
b - Poisonous Vapours     Pois/Air       32%        N/A       4%          2
c - Mephitic Cloud        Conj/Pois/Air  14%        N/A       13%         3
d - Olgreb's Toxic Radia  Pois           22%        N/A       19%         4

Your spell library contained the following spells:

 Spells                   Type           Power      Damage    Failure   Level
 Cigotuvi's Dreadful Rot  Necr/Pois/Air  24%        N/A       9%          2
 Ignite Poison            Fire/Tmut/Pois 15%        N/A       21%         3
 Freezing Cloud           Conj/Ice/Air   6%         6-21      93%         5


Dungeon Overview and Level Annotations

Branches:
Dungeon (5/15)
 Temple: D:4-7

Altars:
Ru
Xom

Shops:
D:2 =   D:3 [   D:5 =

Annotations:
D:5 2 runed translucent doors


Innate Abilities, Weirdness & Mutations

You cannot wear most types of armour.
You are amphibious.
You can wear up to eight rings at the same time.
Your skin changes colour to match your surroundings (Stealth+).
Your rubbery body absorbs attacks. (AC +1, EV +1)
((You are camouflaged when in or above water. (Stealth+)))
You have tentacles for arms and can constrict up to eight enemies at once.


Message History

You slash the dart slug! You burn the dart slug.
You kill the dart slug!
No target in view!
No target in view!
No target in view!
No target in view!
No target in view!
No target in view!
HP restored.
You open the door. 4 gnolls come into view.
A gnoll is wielding a +2 spear of freezing.
Casting: Poisonous Vapours (safe; 4% risk of failure)
Confirm with . or Enter, or press ? or * to list all spells.
The spell is quite dangerous to miscast (19% risk of failure)!
Continue anyway? [Y]es or [N]o only, please.
The spell is quite dangerous to miscast (19% risk of failure)!
Continue anyway?
You begin to radiate toxic energy.
The gnoll is poisoned.
The gnoll shouts!
The gnoll is poisoned. x3; The gnoll looks even sicker.
You completely miss the gnoll. Your grab misses the gnoll.
The gnoll is moderately wounded.
The gnoll looks even sicker. x3
Your toxic aura wanes.
The gnoll hits you from afar with a +0 halberd.
You closely miss the gnoll. Your grab misses the gnoll.
The gnoll is heavily wounded.
You barely miss the gnoll. The gnoll misses you.
The gnoll hits you with a +0 club. The gnoll hits you with a +0 whip.
You barely miss the gnoll. Your grab misses the gnoll.
Your squeeze misses the gnoll.
The gnoll is severely wounded.
You closely miss the gnoll.
The gnoll hits you from afar with a +0 halberd!
The gnoll barely misses you. The gnoll hits you with a +0 whip!
* * * LOW HITPOINT WARNING * * *
The gnoll closely misses you. The gnoll hits you with a +0 whip.
* * * LOW HITPOINT WARNING * * *
The gnoll hits you with a +0 club.
You die...

........#...........+....†.# #.
........#...........#......# #.
........#.....##########'#######.
.###'####.....#....#.............
.##.....#.....#....#.............
.##.....#.....#....#.............
........#.....#.gg #.............
........#.....##g###.............
........#.......@g...............
........'........................
........#....†...................
.###+####............... .......
# #.................#'###########
#.................'............
#.................#............
#.................#............
#.................#............


You could see 4 gnolls.

Vanquished Creatures
  An ogre (D:5)
  A centaur (D:5)
  2 scorpions
  A howler monkey (D:5)
  4 iguanas
  4 adders
  An ufetubus (D:5)
  2 worms
  A dart slug (D:5)
  8 orcs (D:5)
  9 bats
  7 endoplasms
  A giant cockroach (D:1)
  8 goblins
  3 hobgoblins
  5 quokkas
  5 ball pythons
  4 frilled lizards
  4 kobolds
  2 rats (D:2)
73 creatures vanquished.

Notes
Turn   | Place    | Note
-------+----------+-------------------------------------------
     0 | D:1      | Ijustatesigmund the Octopode Venom Mage began the quest for
                  | the Orb.
     0 | D:1      | Reached XP level 1. HP: 11/11 MP: 3/3
   285 | D:1      | Reached XP level 2. HP: 18/18 MP: 1/5
   288 | D:1      | Learned a level 2 spell: Poisonous Vapours
   983 | D:1      | Reached skill level 4 in Poison Magic
  1233 | D:1      | Reached skill level 1 in Fighting
  1684 | D:2      | Reached XP level 3. HP: 23/23 MP: 3/6
  2005 | D:2      | Found a shimmering altar of Xom.
  2013 | D:2      | Found Irhuumeh's Jewellery Emporium.
  2315 | D:2      | Reached skill level 1 in Air Magic
  2523 | D:3      | Learned a level 3 spell: Mephitic Cloud
  2643 | D:3      | Found a faded altar of an unknown god.
  2804 | D:3      | Found Ytuottub's Armour Shoppe.
  2964 | D:3      | Found a sacrificial altar of Ru.
  3143 | D:4      | Reached XP level 4. HP: 21/28 MP: 4/7
  3627 | D:4      | Noticed a scorpion
  3630 | D:4      | Killed a scorpion
  3631 | D:4      | Reached skill level 1 in Polearms
  3631 | D:4      | Reached skill level 1 in Evocations
  3631 | D:4      | Reached XP level 5. HP: 34/34 MP: 5/9
  3881 | D:5      | Entered Level 5 of the Dungeon
  3892 | D:5      | Noticed a centaur
  3922 | D:5      | Killed a centaur
  3923 | D:5      | Reached XP level 6. HP: 41/41 MP: 10/10
  4215 | D:5      | Reached skill level 1 in Conjurations
  4215 | D:5      | Reached XP level 7. HP: 9/46 MP: 8/11
  4689 | D:5      | Found a large runed translucent door.
  4698 | D:5      | Learned a level 4 spell: Olgreb's Toxic Radiance
  4717 | D:5      | Found a large runed translucent door.
  4746 | D:5      | Found Hownin's Jewellery Boutique.
  4755 | D:5      | Bought a ring of magical power for 220 gold pieces
  5041 | D:5      | Reached skill level 5 in Poison Magic
  5225 | D:5      | Slain by a gnoll

Illustrated notes

Levels and vault maps discovered:
D:1:      sevenhm_arrival_forest_fort_small_3, layout_loops_ring,
          palyth_stone_intersect
D:2:      layout_basic, serial_shops, shop, basic_altar
D:3:      layout_rooms, nicolae_ru_path_of_blood,
          shapermc_ecumenical_altar_totnotflames, serial_shops,
          nicolae_shop_tiny_waterfront
D:4:      layout_basic
D:5:      layout_gridville, nemelex_dance_club_becter, nicolae_wooded_promenade,
          minmay_hollow_rounded_squares

Skill      XL: |  1  2  3  4  5  6  7 |
---------------+----------------------+-----
Poison Magic   | 4 5 |  5.0
Fighting       | 1 2 3 |  3.2
Air Magic      | 1 2 |  2.2
Polearms       | 1 2 |  2.4
Evocations     | 1 2 |  2.7
Conjurations   | 1 |  1.9
Spellcasting   | 3 |  3.1
Dodging        | |  2.0
Stealth        | |  2.6
Transmutations | |  1.0

Action                     |  1- 3 |  4- 6 |  7- 9 || total
---------------------------+-------+-------+-------++-------
  Melee: Unarmed           |    13 |       |       ||    13
         Constrict         |    20 |     3 |     8 ||    31
         Tentacles         |    16 |     6 |    10 ||    32
         Spear             |    81 |       |       ||    81
         Trident           |     5 |    26 |    36 ||    67
         Punch             |     1 |       |       ||     1
         Hand axe          |       |       |     4 ||     4
   Cast: Sting             |    11 |       |       ||    11
         Poisonous Vapours |    39 |    14 |    14 ||    67
         Mephitic Cloud    |       |     1 |       ||     1
         Olgreb's Toxic Ra |       |       |     2 ||     2
  Evoke: Wand              |       |     4 |       ||     4
    Use: Scroll            |     7 |     4 |     2 ||    13
   Stab: Sleeping          |     2 |       |       ||     2
         Confused          |       |     1 |       ||     1
 Armour: Skin              |    17 |       |     1 ||    18
  Dodge: Dodged            |    58 |     8 |    22 ||    88
